Map: Catalyst LE

Players

destroyerguy - Winner!

  • Race: Protoss Protoss
  • League: Bronze
  • Spawn Location: 5:00

King

  • Race: Terran Terran
  • League: Bronze
  • Spawn Location: 11:00

VOD

Have the link to the VOD?

Description

Time

  • Played on: Dec. 11, 2017, 6:12 p.m.
  • Length: 25:17
Show
View Real Time Build Order
Export as new Build Order

destroyerguy Protoss - Winner!

Build Orders:  

Get SALT Encoding   

  12  0:01  Probe  
  13  0:13  Probe  
  14  0:20  Pylon  
  14  0:29  Probe  
  15  0:41  Probe  
  16  0:43  Gateway  
  16  0:53  Probe  
  17  1:02  Gateway  
  17  1:18  Pylon  
  17  1:20  Pylon  
  17  1:23  Pylon  
  17  1:24  Probe  
  18  1:36  Probe  
  19  1:41  Cybernetics Core  
  19  1:54  Assimilator  
  19  1:55  Probe  
  19  1:59  Assimilator  
  20  2:07  Probe  
  21  2:19  Probe  
  21  2:20  Zealot x2  
  26  2:31  Probe  
  27  2:39  Warp Gate (Chrono Boost)  
  27  2:43  Probe  
  28  2:55  Probe  
  29  2:58  Gateway x2  
  29  3:07  Stalker, Probe  
  29  3:08  Stalker  
  34  3:37  Stalker  
  35  4:40  Stargate x2  
  35  4:53  Nexus  
  35  4:57  Assimilator  
  35  4:59  Assimilator  
  35  5:03  Pylon  
  35  5:06  Pylon  
  35  5:26  Shield Battery  
  35  5:28  Shield Battery  
  35  5:31  Void Ray x2  
  43  6:10  Forge  
  43  6:11  Forge  
  43  6:12  Probe  
  43  6:17  Void Ray x2  
  52  6:24  Probe  
  53  6:27  Stalker x2  
  57  6:36  Probe  
  58  6:48  Protoss Ground Weapons Level 1, Probe  
  59  7:00  Probe  
  60  7:06  Twilight Council  
  60  7:15  Probe  
  61  7:23  Void Ray  
  61  7:27  Probe  
  66  7:39  Probe  
  67  7:44  Protoss Air Weapons Level 1  
  67  7:51  Probe  
  68  8:04  Probe  
  69  8:16  Probe  
  70  8:28  Protoss Ground Armor Level 1 (Chrono Boost), Probe  
  71  8:40  Probe  
  72  8:42  Protoss Shields Level 1 (Chrono Boost)  
  72  8:52  Probe  
  73  8:57  Void Ray  
  77  9:04  Probe  
  78  9:31  Protoss Air Armor Level 1  
  78  9:41  Pylon  
  78  9:44  Pylon  
  78  9:47  Pylon  
  78  9:52  Pylon  
  78  9:59  Probe  
  79  10:11  Probe  
  80  10:25  Protoss Ground Weapons Level 2 (Chrono Boost)  
  80  10:26  Pylon  
  80  10:30  Pylon  
  80  10:31  Probe  
  80  10:33  Pylon  
  81  10:43  Probe  
  82  10:50  Nexus  
  82  10:54  Assimilator  
  82  10:55  Probe  
  83  10:58  Assimilator  
  83  11:02  Void Ray  
  83  11:03  Void Ray  
  83  11:04  Pylon  
  91  11:05  Pylon  
  91  11:08  Pylon  
  91  11:09  Protoss Ground Armor Level 2 (Chrono Boost)  
  91  11:27  Fleet Beacon  
  91  11:35  Stalker  
  91  11:36  Stalker x3  
  99  11:51  Void Ray  
  99  11:52  Void Ray  
  107  12:21  Protoss Shields Level 2  
  107  12:34  Void Ray x2  
  115  12:51  Probe  
  116  13:03  Probe  
  117  13:07  Protoss Air Weapons Level 2 (Chrono Boost)  
  117  13:15  Probe  
  118  13:24  Stalker x2  
  118  13:25  Stalker x2  
  126  13:27  Probe  
  127  13:39  Probe  
  128  13:51  Probe  
  125  14:03  Probe  
  126  14:15  Robotics Facility  
  126  14:16  Probe  
  127  14:28  Probe  
  128  14:56  Protoss Ground Armor Level 3, Protoss Ground Weapons Level 3  
  128  15:03  Observer (Chrono Boost)  
  129  15:10  Protoss Air Armor Level 2 (Chrono Boost)  
  129  15:16  Tempest (Chrono Boost)  
  129  15:17  Tempest (Chrono Boost)  
  141  15:49  Tempest  
  147  15:50  Tempest  
  153  16:03  Stalker  
  153  16:04  Stalker x3  
  161  16:32  Tempest x2  
  173  16:59  Protoss Air Weapons Level 3 (Chrono Boost)  
  173  17:21  Pylon  
  173  17:23  Pylon  
  173  17:25  Pylon  
  173  17:27  Pylon  
  173  17:29  Pylon  
  173  17:31  Pylon  
  173  17:33  Protoss Shields Level 3  
  173  17:39  Tempest, Probe  
  173  17:41  Tempest  
  186  17:51  Probe  
  187  18:03  Probe  
  152  18:16  Probe  
  113  18:22  Void Ray  
  113  18:23  Void Ray  
  120  18:40  Stalker x4  
  103  19:05  Void Ray  
  103  19:06  Void Ray  
  101  19:16  Protoss Air Armor Level 3  
  70  19:49  Void Ray  
  74  20:02  Void Ray  
  78  20:10  Observer, Probe  
  79  20:22  Probe  
  80  20:32  Void Ray (Chrono Boost)  
  80  20:34  Probe  
  85  20:45  Void Ray (Chrono Boost)  
  85  20:46  Probe  
  90  20:51  Nexus  
  90  20:58  Probe  
  95  21:13  Void Ray (Chrono Boost)  
  95  21:18  Void Ray  
  99  22:13  Probe  
  100  22:25  Probe  
  101  22:30  Pylon  
  101  22:33  Tempest  
  101  22:34  Pylon, Tempest  
  113  22:37  Pylon, Probe  
  114  22:49  Probe  
  115  23:01  Probe  
  116  23:16  Void Ray x2  
Show
View Real Time Build Order
Export as new Build Order

King Terran 

Build Orders:  

Get SALT Encoding   

  12  0:14  SCV  
  12  0:19  Supply Depot  
  13  0:27  SCV  
  14  0:36  Refinery  
  14  0:39  SCV  
  14  0:40  Refinery  
  15  0:51  SCV  
  16  1:00  Barracks  
  16  1:03  SCV  
  17  1:15  SCV  
  18  1:31  SCV  
  19  1:40  Engineering Bay  
  19  1:43  SCV  
  20  1:49  Supply Depot  
  20  2:00  Factory  
  20  2:05  Orbital Command  
  20  2:12  Supply Depot  
  20  2:16  Reaper  
  21  2:41  Supply Depot  
  21  2:44  SCV  
  21  2:48  Reaper  
  21  2:49  Widow Mine  
  25  2:56  SCV  
  26  3:04  Supply Depot x2  
  26  3:18  Widow Mine  
  28  4:14  Command Center  
  28  4:31  Starport  
  28  4:34  SCV  
  29  4:44  Armory  
  29  4:46  SCV  
  29  5:08  Starport  
  29  5:23  Barracks Reactor  
  29  5:24  Starport Tech Lab  
  29  5:38  Barracks, SCV  
  29  5:40  Barracks  
  30  5:45  Starport  
  30  5:50  SCV  
  31  6:02  SCV  
  32  6:05  Missile Turret  
  32  6:14  SCV  
  32  6:17  Marine x2, Refinery  
  35  6:23  Starport Tech Lab  
  35  6:26  SCV  
  35  6:32  Starport Tech Lab  
  36  6:35  Marine x2  
  36  6:36  Factory  
  36  6:38  SCV  
  39  6:40  Refinery  
  39  6:46  Barracks Reactor  
  39  6:48  Barracks Reactor  
  39  6:50  SCV  
  39  6:52  Marine  
  39  6:53  Marine  
  42  6:55  Raven  
  42  6:56  Banshee x2  
  50  7:03  Planetary Fortress  
  50  7:10  Marine x2  
  50  7:14  Missile Turret  
  52  7:20  SCV  
  52  7:22  Factory  
  53  7:29  Factory Tech Lab x2  
  53  7:30  Supply Depot  
  53  7:40  SCV  
  54  7:52  Thor, SCV  
  54  7:54  Marine x4, Supply Depot  
  54  7:55  Marine x2  
  67  8:04  SCV  
  68  8:12  Marine x6, Liberator x2  
  80  8:38  Factory Tech Lab  
  80  8:42  Supply Depot  
  80  8:43  Terran Infantry Weapons Level 1  
  80  8:53  Supply Depot  
  80  9:05  Supply Depot  
  80  9:09  Command Center  
  80  9:17  Supply Depot  
  80  9:55  Barracks Tech Lab  
  80  9:56  Thor x2  
  80  9:57  Thor  
  98  10:26  Supply Depot  
  98  10:36  Refinery  
  98  10:49  Supply Depot  
  98  11:03  Refinery  
  98  11:11  Factory Tech Lab  
  98  11:13  Supply Depot  
  98  11:21  Fusion Core  
  98  11:24  Orbital Command  
  98  11:32  Supply Depot  
  98  11:35  Supply Depot  
  98  11:36  Marine x4  
  98  11:39  Marauder  
  104  11:51  SCV  
  105  12:01  Marauder  
  107  12:02  Viking x3  
  107  12:03  SCV  
  114  12:11  Thor x2  
  114  12:15  SCV  
  127  12:22  Marauder  
  129  12:30  Supply Depot  
  129  12:32  Viking x3  
  135  12:44  Marauder  
  137  12:54  Supply Depot  
  137  13:01  Raven  
  137  13:05  Marauder  
  141  13:07  Battlecruiser  
  147  13:22  Medivac  
  149  13:37  Smart Servos  
  149  13:43  Terran Infantry Weapons Level 2  
  149  13:45  Battlecruiser  
  155  13:56  SCV  
  155  13:57  Engineering Bay  
  156  14:08  SCV  
  157  14:11  Supply Depot  
  157  14:21  Terran Vehicle And Ship Armor Level 1  
  157  14:52  Battlecruiser  
  163  14:53  Battlecruiser  
  163  14:54  Battlecruiser  
  175  15:01  Marine x3  
  175  15:07  Marine x2  
  180  15:19  Marine x2, Marauder  
  184  15:24  Marine  
  184  15:25  Marine  
  186  15:36  Marine  
  186  15:41  Marauder  
  189  15:56  Raven  
  191  16:00  Command Center  
  191  16:02  Marauder  
  193  16:24  Marauder  
  195  16:54  Cyclone  
  195  17:01  Hellion  
  60  20:08  Thor x3  
  60  20:12  Battlecruiser  
  84  20:16  Battlecruiser  
  84  20:17  Battlecruiser  
  96  20:36  Refinery  
  96  20:51  Thor x3  
  114  20:58  Refinery  
  114  21:12  Marine  
  114  21:13  Marine x4  
  114  21:16  Battlecruiser  
  125  21:20  Banshee  
  125  21:21  Battlecruiser  
  134  21:30  Marine x3  
  134  21:31  Marine x2  
  139  21:33  Thor  
  139  21:34  Thor  
  151  21:46  Liberator  
  151  21:48  Marine  
  152  22:03  Liberator  
  158  22:24  Raven  
  160  22:46  Raven  
  162  23:03  Viking  
  164  23:07  Viking  
  166  23:29  Viking  
  166  23:33  Viking  
  170  23:37  Viking  
Tags
 
Add a new tag
Caveats
  • Supply blocks, unpowered buildings, or Contaminate may cause inaccurate times.
  • Supply counts are checked every 10 seconds.